 Dungeon Crawl Stone Soup version 0.21.1-1-g345015f (webtiles) character file.

84 letownia2 the Poker (level 4, 0/49 HPs)
             Began as a Merfolk Skald on Mar 13, 2018.
             Succumbed to a worker ant's poison
             ... on level 3 of the Dungeon.
             The game lasted 00:06:24 (843 turns).

letownia2 the Poker (Merfolk Skald)                  Turns: 843, Time: 00:06:25

Health: 0/49       AC: 22    Str: 11    XL:     4   Next: 45%
Magic:  1/16       EV:  2    Int: 13    God:
Gold:   138        SH:  0    Dex: 13    Spells: 1/7 levels left

rFire    + . .     SeeInvis .   a - +0 spear
rCold    + . .     Gourm    .   (no shield)
rNeg     + + +     Faith    .   (armour currently unavailable)
rPois    +         Spirit   .   (helmet currently unavailable)
rElec    +         Reflect  .   (cloak currently unavailable)
rCorr    +         Harm     .   (gloves currently unavailable)
MR       .....     NoTele   +   (boots currently unavailable)
Stlth    +.........             (no amulet)
HPRegen  0.16/turn              h - ring of magical power
MPRegen  0.15/turn              (no ring)

@: lethally poisoned (0 -> -5), tree-form, resistant, very slightly contaminated
A: (change form in water), (swift swim), (stealthy swim)
a: no special abilities


You were on level 3 of the Dungeon.
You were hungry.
You were a tree.
You visited 1 branch of the dungeon, and saw 4 of its levels.

You collected 138 gold pieces.

Inventory:

Hand Weapons
 a - a +0 spear (weapon)
 g - a +1 hand axe of electrocution
 l - a +2 mace of holy wrath
Missiles
 i - 3 tomahawks (quivered)
 r - 2 throwing nets
Armour
 b - a +0 leather armour (melded)
 s - a +0 ring mail
Jewellery
 h - a ring of magical power (left branch)
 m - an uncursed ring of protection from fire {unknown}
Scrolls
 f - 2 scrolls of teleportation {unknown}
 j - a scroll of magic mapping {unknown}
 k - a scroll of enchant armour {unknown}
 o - 2 scrolls of identify {unknown}
 p - a scroll of fear {unknown}
Books
 c - a book of Battle

   Spells                             Type                      Level
   a - Infusion                       Charms                       1
   b - Shroud of Golubria             Charms/Translocation         2
   c - Song of Slaying                Charms                       2
   d - Spectral Weapon                Hexes/Charms                 3
   e - Regeneration                   Charms/Necromancy            3
Comestibles
 d - 5 rations
 q - 3 chunks of flesh


   Skills:
 - Level 2.1 Fighting
 - Level 4.1 Polearms
 - Level 0.6 Armour
 - Level 2.6 Dodging
 - Level 2.0 Spellcasting
 - Level 1.4 Hexes
 + Level 4.1 Charms
 - Level 1.3 Translocations


You had one spell level left.
You knew the following spells:

 Your Spells              Type           Power        Failure   Level  Hunger
a - Infusion              Chrm           ##..         4%          1    ##.....
t - Shroud of Golubria    Chrm/Tloc      #.........   12%         2    ###....
x - Spectral Weapon       Hex/Chrm       #.......     24%         3    ####...


Dungeon Overview and Level Annotations

Branches:
Dungeon (4/15)
 Temple: D:4-7

Altars:
Makhleb
The Shining One


Message History

It was a potion of lignification.
You turn into a tree.
Your +0 leather armour melds into your body.
Your roots penetrate the ground.
* * * LOW HITPOINT WARNING * * *
You feel sick. The worker ant barely misses you.
Unknown command.
Attack whom?
Press: ? - help, Dir - move target cursor, f/p - worker ant
Aim: a worker ant (moderately wounded)
You closely miss the worker ant.
The worker ant is moderately wounded.
The worker ant bites you.
* * * LOW HITPOINT WARNING * * *
Unknown command.
Attack whom?
Press: ? - help, Dir - move target cursor, f/p - worker ant
Aim: a worker ant (moderately wounded)
You closely miss the worker ant.
The worker ant is moderately wounded.
You die...

############ #...a♣..=..#
#.########.# ####.##
#.....# #2# #>....#### ###
#.....#(. #_# # #..#..#.#
####.# # #..#..#.#
#..#.########
....#....#####..#.#.......


You could see a worker ant.

Vanquished Creatures
  4 adders
  2 dart slugs
  2 leopard geckos (D:2)
  An orc (D:3)
  A giant cockroach (D:2)
  6 hobgoblins
  3 jackals (D:2)
  6 kobolds
  A quokka (D:3)
  A ball python (D:3)
  4 bats
  A frilled lizard (D:2)
  3 goblins
  4 rats
39 creatures vanquished.

Vanquished Creatures (others)
  A spectral weapon (D:3)
1 creature vanquished.

Grand Total: 40 creatures vanquished

Notes
Turn   | Place    | Note
-------+----------+-------------------------------------------
     0 | D:1      | letownia2 the Merfolk Skald began the quest for the Orb.
     0 | D:1      | Reached XP level 1. HP: 16/16 MP: 3/3
    88 | D:1      | Reached XP level 2. HP: 19/22 MP: 0/5
   106 | D:1      | Learned a level 2 spell: Shroud of Golubria
   321 | D:2      | Found a glowing golden altar of the Shining One.
   357 | D:2      | Reached skill level 1 in Translocations
   357 | D:2      | Reached XP level 3. HP: 25/27 MP: 6/6
   362 | D:2      | Learned a level 3 spell: Spectral Weapon
   537 | D:2      | Reached skill level 1 in Hexes
   687 | D:3      | Reached XP level 4. HP: 31/33 MP: 4/7
   761 | D:3      | Found a burning altar of Makhleb.
   774 | D:3      | Noticed a green death
   841 | D:3      | HP: 2/49 [poisoned by a worker ant]
   843 | D:3      | Succumbed to a worker ant's poison

Skill      XL: |  1  2  3  4 |
---------------+-------------+-----
Polearms       | 4 |  4.1
Translocations | 1 |  1.3
Hexes          | 1 |  1.4
Charms         | 4 |  4.1
Fighting       | |  2.1
Armour         | |  0.6
Dodging        | |  2.6
Spellcasting   | |  2.0

Action                   |  1- 3 |  4- 6 || total
-------------------------+-------+-------++-------
Melee: Spear             |   118 |    42 ||   160
 Cast: Infusion          |     7 |       ||     7
       Shroud of Golubri |    17 |     5 ||    22
       Spectral Weapon   |       |     1 ||     1
  Use: Potion            |       |     2 ||     2
  Eat: Chunk             |       |     2 ||     2
Armor: Leather armour    |    19 |     4 ||    23
Dodge: Dodged            |    71 |    27 ||    98
